Map: Templo óseo EE

Players

MrFercho

  • Race: Terran Terran
  • League: Silver
  • Spawn Location: 3:00

tigro

  • Race: Terran Terran
  • League: Bronze
  • Spawn Location: 1:00

TATORREA

  • Race: Protoss Protoss
  • League: Silver
  • Spawn Location: 12:00

kaistar - Winner!

  • Race: Zerg Zerg
  • League: Diamond
  • Spawn Location: 7:00

NinjaGoodoo - Winner!

  • Race: Protoss Protoss
  • Spawn Location: 7:00

Gavril - Winner!

  • Race: Zerg Zerg
  • League: Gold
  • Spawn Location: 6:00

VOD

Have the link to the VOD?

Description

Time

  • Played on: May 31, 2020, 7:41 p.m.
  • Length: 12:11
Show
View Real Time Build Order
Export as new Build Order

MrFercho Terran 

Build Orders:  

Get SALT Encoding   

  12  0:06  SCV  
  13  0:19  SCV  
  14  0:30  Supply Depot  
  14  0:34  SCV  
  15  0:45  Refinery  
  15  0:51  Refinery  
  15  0:57  Barracks  
  15  1:09  SCV  
  16  1:21  SCV  
  17  1:33  SCV  
  17  1:39  Engineering Bay  
  18  1:51  Factory  
  18  2:06  Barracks Reactor  
  18  2:08  Engineering Bay  
  18  2:16  SCV  
  19  2:28  SCV  
  20  2:36  Factory Tech Lab  
  20  2:40  SCV  
  21  2:47  Starport  
  21  2:49  Marine x2  
  23  3:00  Supply Depot  
  23  3:08  Orbital Command  
  23  3:21  Marine x2  
  25  3:32  Supply Depot  
  25  3:35  Medivac  
  25  3:39  Marine x2  
  29  3:45  SCV  
  30  3:55  Supply Depot  
  30  3:57  SCV, Marine x2  
  33  4:09  SCV  
  34  4:21  Medivac  
  34  4:23  Sensor Tower  
  36  4:25  Siege Tank  
  39  4:36  Command Center  
  39  4:38  SCV  
  40  4:50  SCV  
  41  4:55  Refinery  
  41  5:01  Viking, Refinery  
  43  5:25  Missile Turret x2  
  43  5:26  Missile Turret  
  43  5:34  Siege Tank  
  46  5:49  Orbital Command  
  46  6:18  Liberator  
  49  6:31  Starport  
  49  6:41  Fusion Core  
  49  6:46  Armory  
  49  6:49  SCV  
  50  7:01  Liberator  
  53  7:08  Starport  
  53  7:14  Siege Tank  
  52  7:39  Marine x2  
  54  7:46  Siege Tank  
  57  7:56  Marine  
  57  7:57  Marine  
  57  8:14  Marine  
  57  8:15  Marine  
  59  8:32  Marine  
  59  8:33  Marine  
  61  9:21  Supply Depot  
  61  9:24  Supply Depot  
  61  9:25  Supply Depot x2  
  61  9:26  Supply Depot  
  61  9:28  Supply Depot  
  61  9:32  Viking, Medivac x2  
  67  9:45  SCV  
  68  9:57  SCV  
  69  10:02  Viking  
  71  10:09  SCV  
  72  10:32  Viking  
  74  11:02  Viking  
  53  11:25  Viking x2  
  55  11:32  Viking  
Show
View Real Time Build Order
Export as new Build Order

tigro Terran 

Build Orders:  

Get SALT Encoding   

  12  0:02  SCV  
  13  0:14  SCV  
  14  0:22  Supply Depot  
  14  0:28  SCV  
  15  0:39  Refinery  
  15  0:43  SCV  
  16  0:57  Barracks  
  16  1:11  Refinery  
  16  1:13  SCV  
  17  1:25  SCV  
  18  1:27  Supply Depot  
  18  1:37  SCV  
  19  1:46  Marine  
  20  1:49  SCV  
  21  2:01  SCV  
  21  2:03  Marine  
  21  2:05  Barracks  
  23  2:18  SCV  
  23  2:21  Marine  
  25  2:29  Engineering Bay  
  25  2:30  SCV  
  26  2:39  Marine  
  26  2:42  SCV  
  28  2:55  Barracks Tech Lab  
  28  2:57  Marine  
  29  3:12  Command Center  
  29  3:18  Stimpack  
  29  3:20  Barracks Tech Lab  
  29  3:23  Orbital Command  
  29  3:37  Terran Infantry Weapons Level 1  
  29  3:38  Factory  
  29  3:47  Combat Shield  
  29  4:02  Marine  
  30  4:09  Marine  
  31  4:19  Marine  
  32  4:27  Marine  
  32  4:29  Starport  
  33  4:33  SCV  
  33  4:37  Marine  
  35  4:44  Marine  
  36  4:45  SCV  
  37  4:56  Missile Turret  
  37  4:57  SCV  
  37  4:58  Concussive Shells  
  38  5:02  Marine  
  39  5:10  SCV  
  40  5:26  Missile Turret  
  40  5:38  Medivac  
  42  5:48  Fusion Core  
  42  5:57  Refinery  
  42  6:10  Factory Tech Lab  
  42  6:13  Marine  
  42  6:17  Starport Tech Lab  
  43  6:18  Marine  
  44  6:30  Siege Tank  
  44  6:31  Marine  
  48  6:36  Armory, Battlecruiser, Marine  
  48  6:39  Weapon Refit  
  55  6:41  Terran Infantry Armor Level 1  
  55  6:49  Marine  
  55  6:51  Refinery  
  56  6:54  Marine  
  57  7:06  Marine  
  50  7:12  Marine  
  47  7:23  Planetary Fortress  
  47  7:24  Marine  
  48  7:30  Marine  
  48  8:35  Neosteel Armor  
  48  8:58  SCV  
  48  9:01  Battlecruiser  
  55  9:10  SCV  
  56  9:21  Rapid Reignition System  
  56  9:22  SCV  
  56  9:24  Terran Vehicle And Ship Armor Level 1  
  57  9:28  Drilling Claws  
  57  9:34  SCV  
  58  9:43  Marine  
  58  9:44  Marine  
  60  9:46  SCV  
  61  10:01  Marine  
  62  10:34  Supply Depot  
  62  10:38  Advanced Ballistics  
  62  10:44  Command Center  
  62  10:56  Medivac, Marine x2, Siege Tank  
  69  10:58  Supply Depot  
  68  11:13  Marine x2  
  70  11:31  Marine x2  
Show
View Real Time Build Order
Export as new Build Order

TATORREA Protoss 

Build Orders:  

Get SALT Encoding   

  12  0:02  Probe  
  13  0:19  Probe  
  14  0:24  Pylon  
  14  0:31  Probe  
  15  0:43  Probe  
  16  0:54  Gateway  
  16  0:56  Probe  
  17  1:03  Assimilator  
  17  1:08  Probe  
  18  1:20  Probe  
  18  1:23  Gateway  
  19  1:30  Assimilator  
  19  1:32  Probe  
  20  1:41  Pylon  
  20  1:44  Probe, Zealot  
  23  2:00  Probe  
  24  2:01  Cybernetics Core  
  24  2:11  Zealot  
  24  2:13  Zealot  
  28  2:43  Nexus  
  28  2:46  Pylon  
  28  2:55  Probe, Warp Gate (Chrono Boost)  
  29  3:01  Stalker  
  31  3:07  Stalker  
  31  3:08  Probe  
  34  3:20  Probe  
  35  3:27  Twilight Council  
  35  3:34  Probe  
  35  3:37  Pylon  
  36  3:42  Sentry (Chrono Boost)  
  38  3:52  Probe  
  39  3:55  Stalker (Chrono Boost)  
  41  4:04  Probe  
  42  4:10  Forge  
  42  4:13  Pylon  
  42  4:15  Probe  
  43  4:17  Pylon  
  43  4:25  Probe  
  43  4:27  Probe  
  45  4:41  Robotics Facility  
  45  4:44  Stargate  
  45  4:46  Probe, Stargate  
  45  4:47  Probe  
  47  4:53  Protoss Ground Weapons Level 1  
  47  4:57  Charge  
  47  5:22  Sentry  
  47  5:23  Sentry  
  51  5:33  Probe x2  
  53  5:40  Warp Prism  
  55  5:45  Probe x2  
  57  5:52  Assimilator  
  57  5:56  Assimilator  
  57  5:57  Probe  
  57  5:58  Probe  
  59  6:09  Probe  
  59  6:10  Probe  
  61  6:22  Probe x2, Oracle  
  61  6:23  Oracle  
  69  6:51  Stalker x2  
  73  6:55  Immortal  
  73  6:58  Blink  
  40  7:59  Observer  
  41  8:20  Probe x2  
  43  8:32  Probe x2  
  45  8:44  Probe x2  
  47  8:49  Pylon  
  47  8:53  Pylon  
  47  8:55  Void Ray x2  
  55  8:56  Probe x2  
  57  9:05  Immortal  
  57  9:08  Probe x2  
  63  9:20  Probe x2  
  65  9:30  Protoss Ground Weapons Level 2  
  65  9:32  Probe  
  65  9:33  Probe  
  67  9:38  Void Ray x2  
  67  9:45  Probe x2  
  77  9:57  Probe x2  
  79  10:19  Zealot  
  79  10:20  Zealot  
  77  10:23  Immortal  
  77  10:24  Void Ray  
  85  10:38  Pylon  
  85  10:41  Pylon  
  85  10:44  Pylon  
  85  10:55  Pylon  
  89  11:00  Pylon  
  89  11:04  Pylon  
  61  11:31  Nexus  
Show
View Real Time Build Order
Export as new Build Order

kaistar Zerg - Winner!

Build Orders: Hatch First, Muta Ling Bane 

Get SALT Encoding   

  12  0:00  Drone  
  13  0:16  Overlord  
  13  0:19  Drone  
  14  0:35  Drone x2  
  16  0:38  Drone  
  17  1:05  Drone x2  
  17  1:08  Extractor  
  18  1:13  Hatchery  
  17  1:20  Drone  
  17  1:21  Spawning Pool  
  17  1:23  Drone  
  18  1:39  Drone  
  19  1:43  Drone  
  20  2:09  Drone x2, Extractor  
  21  2:16  Metabolic Boost  
  21  2:20  Drone  
  22  2:24  Queen  
  22  2:25  Overlord, Queen  
  22  2:27  Zergling x2  
  27  2:38  Drone x2, Baneling Nest  
  28  2:48  Drone x2  
  30  3:02  Lair  
  30  3:04  Drone x2  
  30  3:05  Queen  
  32  3:09  Drone  
  35  3:16  Overlord  
  35  3:23  Drone  
  36  3:34  Drone x2  
  36  3:35  Drone x2  
  36  3:36  Drone x3  
  36  3:40  Overlord  
  43  3:54  Drone  
  44  3:55  Overlord  
  44  3:56  Overlord x2  
  44  4:02  Centrifical Hooks  
  44  4:10  Drone x2, Extractor x2  
  44  4:11  Drone  
  44  4:16  Drone  
  46  4:23  Drone x3  
  46  4:24  Drone  
  50  4:39  Zergling x6  
  50  4:40  Drone  
  54  4:53  Zergling x2  
  54  4:54  Zergling x8  
  54  4:57  Drone  
  60  5:01  Drone  
  60  5:02  Zergling x2  
  60  5:03  Zergling x4  
  64  5:07  Baneling x8  
  64  5:08  Zergling x2  
  65  5:32  Zergling x6  
  65  5:33  Zergling x12  
  74  5:37  Hatchery  
  73  5:44  Hatchery  
  72  5:52  Drone x2  
  74  6:09  Evolution Chamber  
  73  6:13  Spire  
  73  6:14  Spire  
  73  6:17  Drone  
  72  6:20  Infestation Pit, Evolution Chamber  
  70  6:29  Baneling  
  70  6:30  Baneling x7  
  70  6:31  Zergling x10  
  70  6:32  Zergling x2  
  76  6:51  Drone x4  
  76  6:52  Drone x2  
  82  6:56  Overlord, Queen x2  
  82  6:57  Overlord x5  
  69  7:22  Zerg Melee Weapons Level 1, Zerg Ground Armor Level 1  
  68  7:29  Mutalisk x8  
  80  7:43  Zerg Flyer Weapons Level 1  
  80  7:45  Zerg Flyer Armor Level 1  
  80  7:48  Drone x2  
  80  7:49  Drone x6  
  80  7:50  Drone  
  89  7:52  Extractor  
  89  7:53  Extractor  
  89  7:58  Mutalisk x2  
  91  8:14  Drone x5  
  91  8:15  Drone x6  
  91  8:16  Drone  
  103  8:27  Drone x4  
  103  8:28  Drone  
  108  8:41  Mutalisk x5  
  118  8:48  Extractor  
  118  8:51  Extractor  
  118  8:54  Drone x3  
  118  8:55  Drone x2  
  121  9:10  Mutalisk  
  121  9:11  Mutalisk x6  
  121  9:13  Overlord x4  
  135  9:47  Hatchery, Mutalisk x7  
  135  9:49  Overlord x6  
  148  10:20  Mutalisk  
  148  10:21  Mutalisk x7  
  164  10:33  Hive  
  164  10:43  Zergling x2  
  164  10:44  Zergling x18, Baneling  
  164  10:45  Baneling x11  
Show
View Real Time Build Order
Export as new Build Order

NinjaGoodoo Protoss - Winner!

Build Orders: Phoenix Opening, Carriers 

Get SALT Encoding   

  12  0:02  Probe (Chrono Boost)  
  13  0:12  Probe (Chrono Boost)  
  14  0:17  Probe (Chrono Boost)  
  15  0:26  Pylon  
  15  0:30  Assimilator  
  15  0:44  Probe  
  16  0:56  Gateway  
  16  0:57  Probe  
  17  1:09  Probe  
  17  1:10  Assimilator  
  18  1:13  Pylon  
  18  1:23  Probe  
  19  1:35  Probe (Chrono Boost)  
  20  1:43  Cybernetics Core  
  20  1:45  Probe (Chrono Boost)  
  21  1:50  Probe (Chrono Boost)  
  22  2:04  Cybernetics Core  
  22  2:18  Nexus  
  22  2:33  Stargate  
  22  2:35  Stargate  
  22  2:54  Probe (Chrono Boost)  
  23  3:04  Probe (Chrono Boost)  
  24  3:08  Probe (Chrono Boost)  
  25  3:20  Probe  
  25  3:24  Fleet Beacon  
  27  3:34  Probe (Chrono Boost)  
  27  3:36  Probe (Chrono Boost)  
  28  3:43  Phoenix (Chrono Boost)  
  28  3:44  Probe (Chrono Boost)  
  33  3:49  Probe (Chrono Boost)  
  33  3:51  Phoenix (Chrono Boost)  
  34  4:01  Probe  
  35  4:07  Assimilator  
  35  4:10  Assimilator  
  35  4:13  Probe  
  34  5:23  Stargate  
  34  5:25  Stargate  
  34  5:30  Stargate  
  34  5:47  Probe  
  35  5:58  Protoss Air Weapons Level 1  
  35  5:59  Protoss Air Armor Level 1  
  35  6:00  Probe  
  35  6:04  Pylon  
  36  6:05  Pylon  
  36  6:06  Pylon  
  36  6:08  Pylon  
  36  6:09  Pylon  
  36  6:11  Pylon  
  36  6:12  Probe  
  36  6:13  Pylon  
  36  6:15  Pylon  
  36  6:16  Pylon  
  37  6:18  Pylon  
  37  6:19  Pylon  
  37  6:20  Pylon  
  37  6:22  Pylon  
  37  6:23  Pylon x2  
  37  6:24  Probe  
  38  6:25  Pylon  
  38  6:33  Carrier x2 (Chrono Boost)  
  38  6:36  Probe  
  63  7:32  Carrier (Chrono Boost)  
  63  7:33  Carrier (Chrono Boost)  
  63  7:56  Carrier (Chrono Boost)  
  69  8:44  Carrier (Chrono Boost)  
  69  8:45  Carrier (Chrono Boost)  
  81  8:49  Nexus  
  81  9:06  Assimilator  
  81  9:10  Assimilator  
  81  9:16  Probe  
  82  9:23  Probe  
  83  9:26  Carrier (Chrono Boost)  
  83  9:28  Probe  
  96  9:35  Probe  
  97  9:40  Probe, Carrier (Chrono Boost)  
  98  9:47  Probe  
  99  9:53  Pylon x2  
  99  9:54  Pylon  
  99  9:56  Pylon  
  99  9:57  Pylon  
  99  10:25  Carrier (Chrono Boost)  
  111  10:29  Carrier (Chrono Boost)  
  111  10:31  Probe  
  112  10:43  Probe  
  113  10:55  Probe  
  114  10:58  Carrier (Chrono Boost)  
  114  10:59  Carrier (Chrono Boost)  
  126  11:07  Probe  
  133  11:19  Probe  
Show
View Real Time Build Order
Export as new Build Order

Gavril Zerg - Winner!

Build Orders: Pool First 

Get SALT Encoding   

  12  0:01  Drone  
  13  0:09  Drone  
  14  0:18  Overlord  
  14  0:37  Spawning Pool  
  14  0:39  Drone  
  14  0:43  Drone  
  15  0:58  Drone  
  16  1:15  Drone  
  17  1:20  Hatchery, Extractor  
  17  1:21  Drone  
  16  1:32  Queen  
  18  1:53  Drone x3  
  21  2:02  Roach Warren  
  20  2:23  Queen  
  22  2:31  Queen  
  22  2:33  Zergling x2  
  22  2:34  Zergling x6  
  28  3:09  Overlord x2  
  28  3:39  Drone  
  28  3:40  Drone x7  
  36  3:43  Extractor  
  36  3:46  Lair  
  35  3:49  Burrow  
  35  4:09  Drone  
  36  4:10  Drone x6  
  36  4:14  Extractor  
  41  4:34  Roach  
  41  4:35  Overlord x2  
  43  4:50  Overlord  
  43  5:02  Overseer  
  43  5:12  Extractor  
  43  5:13  Roach  
  43  5:14  Roach x11  
  66  5:27  Overlord x2  
  66  6:10  Drone  
  66  6:11  Drone x8  
  75  6:21  Overlord x2  
  75  6:30  Roach x13  
  75  6:41  Hatchery  
  74  7:07  Roach x11  
  68  7:39  Roach x8  
  66  7:47  Roach x7  
  58  8:06  Roach x5  
  58  8:11  Roach x3  
  56  8:19  Tunneling Claws  
  44  8:47  Spire  
  43  8:52  Hydralisk Den  
  42  9:03  Evolution Chamber  
  42  9:06  Evolution Chamber  
  42  9:09  Drone  
  41  9:10  Drone x8  
  41  9:12  Spore Crawler  
  48  9:18  Drone  
  48  9:19  Drone x11  
  60  9:29  Zerg Ground Armor Level 1  
  60  9:32  Zerg Missile Weapons Level 1, Overseer  
  60  9:36  Muscular Augments  
  57  10:02  Hatchery  
  57  10:03  Mutalisk, Roach  
  57  10:04  Mutalisk x8  
  65  10:27  Queen, Overseer  
  67  11:03  Queen  
Tags
 
Add a new tag
Caveats
  • Supply blocks, unpowered buildings, or Contaminate may cause inaccurate times.
  • Supply counts are checked every 10 seconds.